 Dungeon Crawl Stone Soup version 0.14-a0-155-gd989017 (webtiles) character file.

601 Malachi the Charmwright (level 6, -1/45 HPs)
             Began as a Vampire Skald on Oct 4, 2013.
             Was an Initiate of Okawaru.
             Killed from afar by an orc wizard (9 damage)
             ... with a magic dart
             ... on Level 5 of the Dungeon.
             The game lasted 00:08:56 (4043 turns).

Malachi the Charmwright (Vampire Skald)             Turns: 4043, Time: 00:08:56

HP  -1/45        AC  6     Str 11      XL: 6   Next: 67%
MP  11/12        EV  9     Int 16      God: Okawaru [......]
Gold 169         SH  0     Dex 13      Spells:  2 memorised,  6 levels left

Res.Fire  : . . .   See Invis. : +   a - +0,+1 falchion
Res.Cold  : . . .   Warding    : .   o - +0 elf ring mail
Life Prot.: + . .   Conserve   : .   (no shield)
Res.Poison: .       Res.Corr.  : .   (no helmet)
Res.Elec. : .       Clarity    : +   (no cloak)
Sust.Abil.: . .     Spirit.Shd : .   s - +0 pair of gauntlets
Res.Mut.  : .       Stasis     : .   (no boots)
Res.Rott. : .       Flight     : .   i - amulet of clarity
Saprovore : . . .                    (no ring)
                                     (no ring)

@: slightly resistant to hostile enchantments, very unstealthy
A: bottle blood, fangs 3, see invisible, unbreathing
a: Bat Form, Bottle Blood, Renounce Religion


You were on level 5 of the Dungeon.
You worshipped Okawaru.
Okawaru was noncommittal.
You were not thirsty.

You visited 2 branches of the dungeon, and saw 6 of its levels.

You collected 149 gold pieces.

Inventory:

Hand weapons
 a - a +0,+1 falchion (weapon)
 n - a +0,+0 orcish morningstar
Armour
 b - a +0 leather armour
 o - a +0 elven ring mail (worn)
 r - a +2 robe
 s - a +0 pair of gauntlets (worn)
 t - a +0 orcish large shield
Scrolls
 d - 3 scrolls of identify
 e - 2 scrolls of fog {unknown}
 g - 3 scrolls of enchant armour
 h - a scroll of blinking {unknown}
 j - 2 scrolls of remove curse
 k - a scroll of curse weapon {unknown}
 l - a scroll of teleportation
Jewellery
 i - an amulet of clarity (around neck)
 m - an uncursed amulet of faith
Potions
 f - 3 potions of curing
 p - a potion of mutation {unknown}
 q - 3 potions of heal wounds
 u - a potion of might {unknown}
 w - a potion of speed {unknown}
 x - a potion of berserk rage {unknown}
 z - a potion of agility {unknown}
Books
 c - a book of Battle

   Spells                             Type                      Level
   *Infusion                          Charms                       1
   *Shroud of Golubria                Charms/Translocation         2
   Song of Slaying                    Charms                       2
   Spectral Weapon                    Hexes/Charms                 3
   Regeneration                       Charms/Necromancy            3
   Song of Shielding                  Charms                       4
 v - a book of Enchantments

   Spells                             Type                      Level
   Cause Fear                         Hexes                        4
   Silence                            Hexes/Air                    5
   Tukima's Dance                     Hexes                        5
   Deflect Missiles                   Charms/Air                   6
   Haste                              Charms                       6
   Discord                            Hexes                        8
 y - a book of the Dragon

   Spells                             Type                      Level
   Flight                             Charms/Air                   3
   Cause Fear                         Hexes                        4
   Bolt of Fire                       Conjuration/Fire             6
   Dragon Form                        Transmutation                7
   Summon Dragon                      Summoning                    9


   Skills:
 + Level 2.8 Fighting
 * Level 4.4 Long Blades
 - Level 0.7 Armour
 + Level 3.7 Dodging
 + Level 0.9 Stealth
 - Level 2.0 Spellcasting
 + Level 5.0 Charms
 - Level 0.4 Translocations


You had 6 spell levels left.
You knew the following spells:

 Your Spells              Type           Power        Failure   Level  Hunger
a - Infusion              Chrm           ###...       2%          1    #......
b - Shroud of Golubria    Chrm/Tloc      ##........   12%         2    ###....


Dungeon Overview and Level Annotations

Branches:
Dungeon (5/27)             Temple (1/1) D:4

Altars:
Cheibriados
Elyvilon
Fedhas
Kikubaaqudgha
Makhleb
Nemelex Xobeh
Okawaru
Sif Muna
Trog
Xom
Zin
the Shining One

Annotations:
D:5 Grinder


Innate Abilities, Weirdness & Mutations

You can bottle blood from corpses.
You have razor-sharp teeth.*
You have supernaturally acute eyesight.
You can survive without breathing.*


Message History

The orc wizard points at you and mumbles some strange words.
The magic dart hits you!
You can move again.
Things that are here:
an orcish dagger; an orc corpse The orc wizard mumbles some strange words.
The orc wizard blinks!
Your attacks are no longer magically infused.
The orc wizard casts a spell at you. The magic dart hits you!
Grinder gestures at you. Pain shoots through your body!
The orc wizard hits you with an orcish dagger.
* * * LOW HITPOINT WARNING * * *
Grinder says, "Wait up."
Grinder zaps a wand.
The puff of flame hits you!
* * * LOW HITPOINT WARNING * * *
The orc wizard casts a spell at you. The magic dart hits you!
You die...

#####
#########...#########
............[........
.####.......##...####
.# #.....)###...# .#
#............# ##
#...#.######@##
#...#.# #...# #...#.#
#..o# #####.# #...#
#. ##)#)..# #.
#5#....... .
#.#....%.% #.###.....
..# ###.


You could see Grinder and an orc wizard.

Vanquished Creatures
  A centaur (D:4)
  An iguana (D:5)
  2 orc wizards (D:5)
  3 worker ants
  Jessica (D:2)
  Terence (D:3)
  3 gnolls (D:3)
  4 adders
  A giant mite (D:3)
  A worm (D:3)
  3 giant geckos
  An ooze (D:2)
  13 orcs
  A ball python (D:3)
  6 bats
  A giant cockroach (D:1)
  11 hobgoblins
  9 jackals
  2 giant newts
  4 goblins
  7 kobolds
  A kobold skeleton (D:4)
  8 rats
85 creatures vanquished.

Notes
Turn   | Place    | Note
--------------------------------------------------------------
     0 | D:1      | Malachi, the Vampire Skald, began the quest for the Orb.
     0 | D:1      | Reached XP level 1. HP: 15/15 MP: 4/4
   410 | D:1      | Reached XP level 2. HP: 21/21 MP: 3/6
   718 | D:2      | Noticed Jessica
   729 | D:2      | Killed Jessica
   729 | D:2      | Reached XP level 3. HP: 19/26 MP: 5/7
  1545 | D:2      | Learned a level 2 spell: Shroud of Golubria
  1577 | D:3      | Reached skill level 4 in Charms
  1720 | D:3      | Reached XP level 4. HP: 11/33 MP: 2/9
  2024 | D:3      | Noticed Terence
  2053 | D:3      | Killed Terence
  2597 | D:3      | Reached XP level 5. HP: 33/38 MP: 6/10
  2752 | D:4      | Noticed a centaur
  2760 | D:4      | Killed a centaur
  2970 | D:4      | Reached XP level 6. HP: 37/45 MP: 8/12
  3044 | D:4      | Found a staircase to the Ecumenical Temple.
  3411 | Temple   | Entered the Ecumenical Temple
  3443 | Temple   | Became a worshipper of Warmaster Okawaru
  3765 | D:5      | Entered Level 5 of the Dungeon
  3819 | D:5      | Reached skill level 5 in Charms
  4033 | D:5      | Noticed Grinder
  4033 | D:5      | Paralysed by Grinder for 7 turns
  4043 | D:5      | Killed from afar by an orc wizard

Action                   |  1- 3 |  4- 6 || total
-------------------------+-------+-------++-------
Melee: Falchion          |   111 |   172 ||   283
       Morningstar       |       |    14 ||    14
 Cast: Infusion          |     7 |    16 ||    23
       Shroud of Golubri |     3 |     5 ||     8
  Use: Scroll            |    12 |       ||    12
       Potion            |       |     2 ||     2
